 Dungeon Crawl Stone Soup version 0.31-a0-574-g69dc8cc98e (webtiles) character file.

Game seed: 5625702892182084591

100 CowFu the Chopper (level 4, -7/40 HPs)
             Began as a Hill Orc Fighter on Aug 18, 2023.
             Killed by nerve-wracking pain
             ... invoked by an orc priest
              (11 damage)
             ... on level 3 of the Dungeon.
             The game lasted 00:01:55 (1812 turns).

CowFu the Chopper (Hill Orc Fighter)                Turns: 1812, Time: 00:01:56

Health: -7/40      AC: 12    Str: 20    XL:     4   Next: 74%
Magic:  4/4        EV:  4    Int:  8    God:
Gold:   115        SH:  8    Dex: 10    Spells: 3/3 levels left

rFire   . . .        a - +0 war axe
rCold   . . .        p - +0 kite shield
rNeg    . . .        f - +0 plate armour
rPois   .            (no helmet)
rElec   .            (no cloak)
rCorr   .            (no gloves)
SInv    .            c - +0 pair of boots
Will    .....        (no amulet) Stlth
                     (no ring)
HPRegen 0.26/turn    (no ring)
MPRegen 0.09/turn

%: no passive effects
@: no status effects
A: no striking features
a: Convert to Beogh


You were on level 3 of the Dungeon.
You visited 1 branch of the dungeon, and saw 3 of its levels.

You collected 115 gold pieces.

Inventory:

Hand Weapons
 a - a +0 war axe (weapon)
Armour
 c - a +0 pair of boots (worn)
 f - a +0 plate armour (worn)
 p - a +0 kite shield (worn)
Jewellery
 g - a ring of poison resistance
Scrolls
 e - a scroll of silence {unknown}
 h - a scroll of vulnerability {unknown}
 j - a scroll of identify {unknown}
 k - a scroll of fear {unknown}
 l - a scroll of acquirement {unknown}
 m - 2 scrolls of enchant weapon {unknown}
 o - a scroll of teleportation {unknown}
 r - a scroll of noise {unknown}
Potions
 b - 2 potions of curing {unknown}
 d - a potion of might
 i - a potion of lignification {unknown}
 n - a potion of brilliance {unknown}
 q - a potion of mutation {unknown}


   Skills:
 + Level 4.2 Fighting
 + Level 4.6 Axes
 + Level 3.9 Armour
 + Level 3.9 Shields


You had 3 spell levels left.
You didn't know any spells.
Your spell library contained the following spells:

 Spells                   Type           Power      Damage    Failure   Level
 Summon Guardian Golem    Hex/Summ       0%         N/A       100%        3
 Orb of Destruction       Conj           0%         9d5       100%        7
 Spellforged Servitor     Conj/Summ      0%         N/A       100%        7


Dungeon Overview and Level Annotations

Branches:
Dungeon (3/15)

Altars:
Ru

Shops:
D:2 [


Message History

The orc priest shouts, "Surrender to Beogh and we'll let you live!"
The orc priest barely misses you.
The orc priest shouts, "Beogh is our master!
Accept the truth or die!"
You hit the orc priest but do no damage.
The orc priest is lightly wounded.
The orc priest barely misses you.
You barely miss the orc priest.
The orc priest is lightly wounded.
The orc priest hits you with a +0 club.
The orc priest invokes the aid of Beogh against you.
Beogh smites you!
* * * LOW HITPOINT WARNING * * *
You hit the orc priest but do no damage.
The orc priest shouts, "Beogh is our master!
Accept the truth or die!"
The orc priest is lightly wounded.
The orc priest barely misses you.
You hit the orc priest.
The orc priest shouts, "Join the one true god or die!"
The orc priest is moderately wounded.
The orc priest barely misses you.
The orc priest hits you but does no damage.
You closely miss the orc priest.
The orc priest is moderately wounded.
The orc priest hits you with a +0 club.
* * * LOW HITPOINT WARNING * * *
Okay, then.
You hit the orc priest.
The orc priest shouts, "Surrender to Beogh and we'll let you live!"
The orc priest is moderately wounded.
The orc priest hits you with a +0 club.
* * * LOW HITPOINT WARNING * * *
You hit the orc priest.
The orc priest is heavily wounded.
You block the orc priest's attack. The orc priest closely misses you.
You barely miss the orc priest.
The orc priest is heavily wounded.
The orc priest shouts, "Join the one true god or die!"
The orc priest mumbles some strange prayers to Beogh against you.
Pain shoots through your body!
You die...

..# ..##... .. #......
.. #...... .###
####...... ..#
#......... . #.#
#.##...... #..##
#.#####.##......
#....###.......##......
#.o@....######..#.##
......)###....####.##.#
....##.###....##.†.##.#
... .........#..####.#
# ##..#.#####.## #.#
##.....###.### #.##
##.#...<...# #...
#.##..###..##... #
#..## #.#....


You could see an orc priest.

Vanquished Creatures
  5 adders (D:2)
  3 worms (D:2)
  2 orcs (D:3)
  6 endoplasms
  2 giant cockroaches
  3 hobgoblins
  4 jackals (D:2)
  4 quokkas
  2 ball pythons
  A frilled lizard (D:1)
  A goblin (D:1)
  7 kobolds
  3 rats
43 creatures vanquished.

Notes
Turn   | Place    | Note
-------+----------+-------------------------------------------
     0 | D:1      | CowFu the Hill Orc Fighter began the quest for the Orb.
     0 | D:1      | Reached XP level 1. HP: 19/19 MP: 1/1
   213 | D:1      | Reached XP level 2. HP: 26/26 MP: 2/2
   713 | D:2      | Reached XP level 3. HP: 28/33 MP: 3/3
  1004 | D:2      | Reached XP level 4. HP: 30/40 MP: 4/4
  1043 | D:2      | Found Mivecs's Armour Boutique.
  1725 | D:3      | Found a sacrificial altar of Ru.
  1812 | D:3      | Killed from afar by an orc priest

Illustrated notes

Levels and vault maps discovered:
D:1:      amcnicky_arrival_flooded_fountain, layout_loops_ring,
          grunt_decor_fettered, minmay_misc_feat_alley
D:2:      layout_basic, serial_shops, nicolae_shop_statue_plus,
          serial_bayou_lake_a
D:3:      layout_rooms, nicolae_ru_path_of_blood, minivault_4

Skill      XL: |  1  2  3 |
---------------+----------+-----
Axes           | 3 4 |  4.6
Fighting       | 4 |  4.2
Armour         | |  3.9
Shields        | |  3.9

Action                     |  1- 3 |  4- 6 || total
---------------------------+-------+-------++-------
  Melee: War axe           |    86 |    50 ||   136
 Armour: Scale mail        |     7 |       ||     7
         Plate armour      |    41 |    23 ||    64
  Dodge: Dodged            |    40 |    14 ||    54
  Block: Buckler           |    20 |       ||    20
         Kite shield       |       |    18 ||    18

Table legend: (Time is in decaauts)
 A = Elapsed time spent in this place.
 B = Non-inter-level travel time spent in this place.
 C = Inter-level travel time spent in this place.
 D = Time resting spent in this place.
 E = Time spent auto-exploring this place.
 F = Levels seen in this place.
 G = Mean time per level.
                   A        B        C        D        E       F      G
               +--------+--------+--------+--------+--------+-----+--------+
         Total |   1888 |   1810 |     78 |      0 |   1415 |   3 |  629.3 |
       Dungeon |   1888 |   1810 |     78 |      0 |   1415 |   3 |  629.3 |
               +--------+--------+--------+--------+--------+-----+--------+

Top non-repeatable levels by time:
     D:2: 1017 daAuts
     D:1: 710 daAuts
     D:3: 160 daAuts
